 Dungeon Crawl Stone Soup version 0.23-a0-449-g8e4cbf7b70 (webtiles) character file.

352 Napalmbreeze the Magician (level 6, -3/32 HPs)
             Began as a Deep Elf Fire Elementalist on Nov 21, 2018.
             Slain by Dowan
             ... wielding a +0 dagger
              (6 damage)
             ... on level 4 of the Dungeon.
             The game lasted 00:10:07 (4051 turns).

Napalmbreeze the Magician (DEFE)                    Turns: 4051, Time: 00:10:08

Health: -3/32      AC:  2    Str:  5    XL:     6   Next: 34%
Magic:  0/15       EV: 13    Int: 22    God:
Gold:   210        SH:  0    Dex: 15    Spells: 5/15 levels left

rFire    . . .     SeeInvis .   l - +0 short sword
rCold    . . .     Gourm    .   (no shield)
rNeg     . . .     Faith    .   a - +0 robe
rPois    .         Spirit   .   (no helmet)
rElec    .         Reflect  .   h - scarf {repulsion}
rCorr    .         Harm     .   (no gloves)
MR       .....                  (no boots)
Stlth    ++........             (no amulet)
HPRegen  0.10/turn              (no ring)
MPRegen  0.14/turn              (no ring)

@: repel missiles
A: no striking features
a: no special abilities


You were on level 4 of the Dungeon.
You were hungry.

You visited 1 branch of the dungeon, and saw 4 of its levels.

You collected 210 gold pieces.

Inventory:

Hand Weapons
 l - a +0 short sword (weapon)
Missiles
 o - 31 poisoned needles
 s - 4 silver tomahawks (quivered)
Armour
 a - a +0 robe (worn)
 h - a scarf of repulsion (worn)
Jewellery
 w - a +4 ring of strength {unknown}
Scrolls
 f - 3 scrolls of identify {unknown}
 g - 3 scrolls of teleportation {unknown}
 j - 2 scrolls of amnesia {unknown}
 k - 2 scrolls of fog {unknown}
 n - a scroll of blinking {unknown}
 p - a scroll of enchant weapon {unknown}
 q - 2 scrolls of fear {unknown}
 r - a scroll of immolation {unknown}
 u - 2 scrolls of magic mapping {unknown}
 x - a scroll of random uselessness {unknown}
Potions
 b - a potion of ambrosia {unknown}
 d - a potion of heal wounds {unknown}
 e - 4 potions of curing {unknown}
 i - a potion of lignification {unknown}
 m - a potion of degeneration {unknown}
 t - a potion of berserk rage {unknown}
 v - a potion of brilliance {unknown}
Comestibles
 c - 6 rations


   Skills:
 - Level 2.4 Dodging
 - Level 2.4 Stealth
 + Level 5.2 Spellcasting
 * Level 5.0 Conjurations
 + Level 4.8 Fire Magic


You had 5 spell levels left.
You knew the following spells:

 Your Spells              Type           Power        Failure   Level  Hunger
a - Flame Tongue          Conj/Fire      ####.        1%          1    None
d - Conjure Flame         Conj/Fire      ####....     3%          3    ##.....
f - Sticky Flame          Conj/Fire      ####....     13%         4    ####...
s - Throw Flame           Conj/Fire      ####..       1%          2    None

Your spell library contained the following spells:

 Spells                   Type           Power        Failure   Level  Hunger
 Inner Flame              Hex/Fire       ###.....     11%         3    ##.....
 Fireball                 Conj/Fire      ####......   34%         5    #####..


Dungeon Overview and Level Annotations

Branches:
Dungeon (4/15)
 Temple: D:4-7

Altars:
Wu Jian

Annotations:
D:4 Dowan


Message History

Dowan gestures wildly while chanting.
Dowan blinks!
An ogre comes into view. It is wielding a +0 giant spiked club.
The ogre shouts!
Dowan points at you and mumbles some strange words.
The shard of ice hits you!
You closely miss Dowan. Dowan hits you but does no damage.
Dowan points at you and mumbles some strange words.
The shard of ice hits you!
* * * LOW HITPOINT WARNING * * *
Casting: Sticky Flame (safe; 13% risk of failure)
Confirm with . or Enter, or press ? or * to list all spells.
Aiming: Sticky Flame (safe; 13% risk of failure)
Press: ? - help, Shift-Dir - straight line, f - Dowan
Aim: Dowan, wielding a +0 dagger and wearing a +1 robe of positive energy The sticky flame hits Dowan.
Dowan is lightly wounded.
Dowan is covered in liquid flames!
Dowan burns!
Dowan hits you with a +0 dagger.
You die...

#### #... #################
#.## #...............# #.#
#.#############.# #.# ###.#
##.## #.#
#...############...########.##
#....[..O....@e.....).........
#...############...#########..
##.[.# ##.## #.$ #.#.# #.# #..
#...# #.. ... ###.## #### ###.
#...# #$ #...# #. #...#


You could see an ogre and Dowan (burning).

Vanquished Creatures
  Duvessa (D:4)
  An iguana (D:4)
  An orc wizard (D:3)
  2 worker ants
  A hound skeleton (D:4)
  3 adders
  2 oozes
  3 worms
  A dart slug (D:2)
  3 leopard geckos
  6 orcs
  11 bats
  2 giant cockroaches
  7 goblins
  7 hobgoblins
  8 jackals
  3 quokkas (D:2)
  5 ball pythons
  7 frilled lizards
  5 kobolds
  5 rats
84 creatures vanquished.

Notes
Turn   | Place    | Note
-------+----------+-------------------------------------------
     0 | D:1      | Napalmbreeze the Deep Elf Fire Elementalist began the quest
                  | for the Orb.
     0 | D:1      | Reached XP level 1. HP: 10/10 MP: 6/6
   400 | D:1      | Reached XP level 2. HP: 15/15 MP: 6/8
   406 | D:1      | Learned a level 2 spell: Throw Flame
   857 | D:1      | Reached XP level 3. HP: 16/19 MP: 8/10
   862 | D:1      | Learned a level 3 spell: Conjure Flame
  1665 | D:2      | Reached XP level 4. HP: 24/24 MP: 2/12
  2303 | D:3      | Found an ornate altar of the Wu Jian Council.
  2963 | D:3      | Reached XP level 5. HP: 28/28 MP: 9/13
  3266 | D:3      | Learned a level 4 spell: Sticky Flame
  3650 | D:4      | Noticed Duvessa
  3715 | D:4      | Noticed Dowan
  4026 | D:4      | Killed Duvessa
  4026 | D:4      | Reached skill level 5 in Spellcasting
  4026 | D:4      | Reached skill level 5 in Conjurations
  4026 | D:4      | Reached XP level 6. HP: 32/32 MP: 0/15
  4051 | D:4      | Slain by Dowan

Vault maps used:
D:1:      nagdon_arrival_zigzag_paths, serial_rivers,
          chequers_serial_rivers_room_b, chequers_serial_rivers_room_a,
          chequers_serial_rivers_marsh, chequers_serial_rivers_marsh,
          chequers_serial_rivers_small_a
D:2:      minmay_misc_feat_enclosed
D:3:      lemuel_crystal_altar
D:4:      uniq_duvessa

Skill      XL: |  1  2  3  4  5 |
---------------+----------------+-----
Conjurations   | 2 3 5 |  5.0
Spellcasting   | 4 5 |  5.2
Fire Magic     | 4 |  4.8
Dodging        | |  2.4
Stealth        | |  2.4

Action                   |  1- 3 |  4- 6 || total
-------------------------+-------+-------++-------
Melee: Unarmed           |     3 |       ||     3
       Short sword       |     4 |     6 ||    10
 Cast: Flame Tongue      |    67 |    79 ||   146
       Throw Flame       |    18 |    21 ||    39
       Conjure Flame     |     1 |     8 ||     9
       Sticky Flame      |       |     2 ||     2
 Stab: Sleeping          |       |     1 ||     1
  Eat: Chunk             |     3 |     7 ||    10
Armor: Robe              |    12 |     1 ||    13
Dodge: Dodged            |    24 |    27 ||    51
       Deflected         |     1 |     3 ||     4

Table legend:
 A = Non-vault XP
 B = Vault XP
 C = Vault XP percentage of total XP
 D = Non-vault monster count
 E = Vault monster count
 F = Vault count percentage of total count
                 A         B        C        D         E       F
            +---------+---------+-------+---------+---------+-------
      Total |     356 |     147 |  29.2 |      83 |       1 |   1.2
            +---------+---------+-------+---------+---------+-------
        D:1 |      43 |       0 |   0.0 |      25 |       0 |   0.0
        D:2 |      78 |       0 |   0.0 |      27 |       0 |   0.0
        D:3 |     113 |       0 |   0.0 |      22 |       0 |   0.0
        D:4 |     122 |     147 |  54.6 |       9 |       1 |  10.0
            +---------+---------+-------+---------+---------+-------
